 Dungeon Crawl Stone Soup version 0.31-a0-424-g41b3b0883d (webtiles) character file.

Game seed: 2334517611851481489

11989 Morbidden the Shooter (level 12, -14/88 HPs)
             Began as a Formicid Shapeshifter on July 30, 2023.
             Was the Champion of Cheibriados.
             Demolished by a minotaur
             ... wielding a +4 whip of electrocution
              (22 damage)
             ... in a Gauntlet.
             The game lasted 00:21:00 (12117 turns).

Morbidden the Shooter (Formicid Shapeshifter)      Turns: 12117, Time: 00:21:01

Health: -14/88     AC: 21    Str: 35    XL:     12   Next: 14%
Magic:  0/29       EV: 13    Int: 28    God:    Cheibriados [******]
Gold:   773        SH: 14    Dex: 36    Spells: 21/21 levels left

rFire   + . .        a - +2 dagger (elec)
rCold   x . .        A - +0 kite shield
rNeg    . . .        J - +6 plate armour of Mysticism {Int+4 Dex+3}
rPois   .            (helmet unavailable)
rElec   .            I - melded +0 cloak {rPois}
rCorr   .            (gloves currently unavailable)
SInv    +            h - melded +0 pair of boots
Will    +....        f - amulet of guardian spirit Stlth
                     H - ring of fire
HPRegen 0.34/turn    l - ring of magical power
MPRegen 0.21/turn

%: clarity, guardian spirit
@: beast-form, unable to drink, very slow
A: beast (slay +4), permanent stasis, dig shafts and tunnels, antennae 3, four
strong arms, iridescent scales 1, clarity, inability to drink after injury 1
a: Dig, Begin Untransformation, Renounce Religion, Bend Time, Temporal
Distortion, Slouch, Step From Time


You were in a Gauntlet.
You worshipped Cheibriados.
Cheibriados was exalted by your worship.
You were a hulking beast.
You visited 1 branch of the dungeon, and saw 11 of its levels.
You also visited: Bailey and Gauntlet.

You collected 857 gold pieces.
You spent 84 gold pieces at shops.

Inventory:

Hand Weapons
 a - a +2 dagger of electrocution (weapon)
 b - a +0 shortbow
 k - a +4 scimitar
 z - a +4 dagger of draining
Missiles
 d - 3 throwing nets
 w - 3 javelins (quivered)
 K - 4 boomerangs
Armour
 h - a +0 pair of boots (melded)
 q - a +4 ring mail of fire resistance
 A - a +0 kite shield (worn)
 I - a +0 cloak of poison resistance (melded)
 J - the +6 plate armour of Mysticism (worn) {Int+4 Dex+3}
   (You found it in a bailey)

   Int:       It affects your intelligence (+4).
   Dex:       It affects your dexterity (+3).
 L - the +0 pair of gloves of Distant Shores {Regen+ rCorr MP-9 Int+8}
   (You found it in a Gauntlet)

   Int:       It affects your intelligence (+8).
   MP:        It affects your magic capacity (-9).
   Regen:     It increases your rate of health regeneration.
   rCorr:     It protects you from acid and corrosion.
Jewellery
 f - an amulet of guardian spirit (around neck)
 j - a +6 ring of dexterity
 l - a ring of magical power (right hand)
 F - a +5 ring of evasion
 G - a +6 ring of strength
 H - a ring of fire (left hand)
Talismans
 c - a beast talisman (active)
 g - a maw talisman
Wands
 m - a wand of charming (9)
 s - a wand of polymorph (8)
 v - a wand of mindburst (8)
 C - a wand of roots (3)
 D - a wand of flame (11)
Scrolls
 e - a scroll of immolation
 o - a scroll of enchant armour
 t - 2 scrolls of enchant weapon
 x - 5 scrolls of identify
 E - 2 scrolls of fog
Potions
 n - 2 potions of cancellation
 p - 5 potions of might
 r - 3 potions of attraction


   Skills:
 * Level 6.1 Fighting
 + Level 4.6(6.1) Short Blades
 * Level 6.1(6.9) Long Blades
 * Level 7.4 Ranged Weapons
 + Level 1.3 Throwing
 * Level 6.6 Armour
 * Level 5.2 Dodging
 + Level 1.8 Stealth
 * Level 6.4 Shields
 + Level 3.3 Unarmed Combat
 * Level 5.3 Spellcasting
 * Level 6.1 Invocations
 + Level 1.3 Evocations
 * Level 6.3 Shapeshifting


You had 21 spell levels left.
You didn't know any spells.
Your spell library contained the following spells:

 Spells                   Type           Power      Damage    Failure   Level
 Shock                    Conj/Air       28%        1d4       56%         1
 Sublimation of Blood     Necr           7%         N/A       71%         2
 Wereblood                Tmut           7%         N/A       71%         2
 Airstrike                Air            3%         2d(1-17)  100%        4
 Arcjolt                  Conj/Air       3%         1d13      100%        5
 Conjure Ball Lightning   Conj/Air       3%         3x3d6     100%        6
 Summon Hydra             Summ           3%         N/A       100%        7
 Discord                  Hex            3%         N/A       100%        8
 Disjunction              Tloc           3%         N/A       100%        8
 Maxwell's Capacitive Co  Air            3%         ∞         100%        8
 Swiftness                Air            Unusable   N/A       N/A         3
 Vhi's Electric Charge    Tloc/Air       Unusable   N/A       N/A         3

Dungeon Overview and Level Annotations

Branches:
Dungeon (11/15)            Temple (0/1) D:6             Orc (0/2) D:11
 Bailey (visited)         Gauntlet (1/1)
   Lair: D:8-11

Altars:
Ashenzari
Cheibriados
Dithmenos
Gozag
Hepliaklqana
Kikubaaqudgha
Makhleb
Okawaru
Qazlal
Ru
Trog
Uskayaw
Xom

Shops:
D:10 (?:

Annotations:
D:6 3 runed translucent doors, paps's ghost, novice OpSh
D:7 2 runed translucent doors, AdnanSaban's ghost, novice GrFi
D:9 2 transporters, Bnni's ghost, novice TeHu Gauntlet 8 transporters, 1 runed translucent door, exclusion: obsidian statue


Innate Abilities, Weirdness & Mutations

You are a hulking beast.
Your limbs bulge with bestial killing power. (Slay +4)
You cannot be hasted, slowed, berserked, paralysed or teleported.
You can dig through walls and to a lower floor.
You have a pair of large antennae on your head. (SInv)
Your four strong arms can wield two-handed weapons with a shield.
You are partially covered in iridescent scales. (AC +2)
You possess an exceptional clarity of mind.
You occasionally lose the ability to drink potions when taking damage.


Message History

The minotaur hits you but does no damage.
The minotaur misses you.
Unknown command.
Unknown command.
Okay, then.
Really read the scroll of poison?
The air fills with toxic fumes!
As you read the scroll of poison, it crumbles to dust.
The minotaur barely misses you. You block the minotaur's attack.
Unknown command.
Unknown command.
Unknown command.
Really walk into that cloud of poison gas?
Okay, then.
Okay, then.
Okay, then.
Okay, then.
Okay, then.
Okay, then.
You hit the minotaur but do no damage.
The minotaur is severely wounded.
Unknown command.
You hit the minotaur.
Flame seeps out of the minotaur.
The minotaur is severely wounded.
The minotaur is engulfed in blazing flames.
Flame seeps out of the minotaur.
The minotaur hits you but does no damage.
The minotaur gores you.
* * * LOW HITPOINT WARNING * * *
Unknown command.
You hit the minotaur but do no damage.
The minotaur is almost dead.
The minotaur is engulfed in blazing flames.
Flame seeps out of the minotaur.
You block the minotaur's attack. x2
Unknown command.
Really walk into that cloud of poison gas?
The minotaur attacks as you move away!
The minotaur hits you with a +4 whip of electrocution!!
You feel threatened and lose the ability to drink potions!
You die...

# # #≈≈...##
##########...##≈...#w
####..§§##.##.♣.###...#}
##....##§##......##..♣.##
#..##.##§§..##.♣.#..PP.#©
##.##..§§##.##§§.#.♣P..##
##....##§##§§§§§.#.P...#?
#..##.##§§§§##...#.....#w
########h##.##.©.#.....##
#§§§§H§##......#..∩....
######§§..##.©.#.....##
#..§§##.##...#.....#.
..##§##....©.#.....#.
#§§..##...#.♣P..#.
§§##.##.♣.#.....#©
#§##......##..♣.#.
..##.♣.###...#.


You could see a minotaur (inner flame).

Vanquished Creatures
  A fire crab (Gauntlet)
  An orc knight (Bailey)
  Pikel (D:8)
  An ugly thing (D:9)
  2 manticores (D:11)
  2 kobold demonologists (D:9)
  2 hornets (D:10)
  A troll (D:9)
  2 large abominations (Gauntlet)
  A shadow (D:10)
  11 yaks (D:10)
  2 wyverns
  4 fire bats (Gauntlet)
  A steam dragon (D:9)
  Edmund (D:6)
  2 acid dragons
  3 hell hounds (Gauntlet)
  6 orc warriors
  2 sky beasts
  A black bear (D:6)
  4 centaurs
  An ogre (D:7)
  3 kobold brigands (D:8)
  2 gnoll sergeants
  4 bullfrogs
  5 wights
  7 small abominations (Gauntlet)
  15 killer bees
  5 howler monkeys
  A jelly (D:5)
  4 hounds
  5 orc priests
  An iron imp (D:3)
  A sleepcap (D:8)
  5 iguanas
  10 orc wizards
  14 gnolls
  9 adders
  2 shadow imps (D:6)
  3 white imps (D:6)
  4 dart slugs
  38 orcs
  7 bats
  6 endoplasms
  2 giant cockroaches (D:4)
  8 goblins
  9 hobgoblins
  17 kobolds
  6 ball pythons
  7 frilled lizards
  3 rats
255 creatures vanquished.

Vanquished Creatures (collateral kills)
  A kobold demonologist (D:9)
  3 kobold brigands (D:9)
4 creatures vanquished.

Vanquished Creatures (others)
  A kobold demonologist (D:9)
  A kobold brigand (D:9)
2 creatures vanquished.

Grand Total: 261 creatures vanquished

Notes
Turn   | Place    | Note
-------+----------+-------------------------------------------
     0 | D:1      | Morbidden the Formicid Shapeshifter began the quest for the
                  | Orb.
     0 | D:1      | Reached XP level 1. HP: 15/15 MP: 1/1
    50 | D:1      | Reached XP level 2. HP: 11/21 MP: 2/2
   320 | D:1      | Found a faded altar of an unknown god.
   511 | D:1      | HP: 1/21 [gnoll/+0 whip (3)]
   514 | D:1      | Reached XP level 3. HP: 1/26 MP: 1/3
  1122 | D:2      | Found a bloodstained altar of Trog.
  1313 | D:2      | Reached XP level 4. HP: 32/32 MP: 4/4
  1593 | D:3      | Found a burning altar of Makhleb.
  1703 | D:3      | Found a snail-covered altar of Cheibriados.
  1720 | D:3      | Reached skill level 1 in Short Blades
  1727 | D:3      | Became a worshipper of Cheibriados the Contemplative
  2071 | D:3      | Reached XP level 5. HP: 36/38 MP: 6/6
  2662 | D:4      | Reached skill level 1 in Ranged Weapons
  2718 | D:4      | Reached skill level 1 in Spellcasting
  2807 | D:4      | Reached skill level 2 in Ranged Weapons
  2807 | D:4      | Reached XP level 6. HP: 44/44 MP: 7/7
  2831 | D:4      | Reached * piety under Cheibriados
  2845 | D:4      | Reached skill level 1 in Armour
  3352 | D:5      | Entered Level 5 of the Dungeon
  3404 | D:5      | Reached skill level 3 in Ranged Weapons
  3404 | D:5      | Reached skill level 1 in Invocations
  3520 | D:5      | Reached XP level 7. HP: 49/50 MP: 9/9
  4176 | D:6      | Found a staircase to the Ecumenical Temple.
  4282 | D:6      | Noticed paps's ghost (novice OpSh)
  4287 | D:6      | Reached ** piety under Cheibriados
  4299 | D:6      | Found an ancient bone altar of Kikubaaqudgha.
  4335 | D:6      | Reached skill level 4 in Ranged Weapons
  4352 | D:6      | Reached skill level 1 in Long Blades
  4454 | D:6      | Found a runed translucent gate.
  4454 | D:6      | Found a runed translucent gate.
  4454 | D:6      | Found a runed translucent gate.
  4473 | D:6      | Reached skill level 1 in Stealth
  4473 | D:6      | Reached XP level 8. HP: 51/57 MP: 10/10
  4695 | D:6      | Noticed Edmund
  4709 | D:6      | Killed Edmund
  5068 | D:6      | Found a broken altar of Ashenzari.
  5143 | D:6      | Found a hazy altar of Hepliaklqana.
  5513 | D:7      | Reached skill level 5 in Ranged Weapons
  5513 | D:7      | Reached XP level 9. HP: 41/63 MP: 13/13
  5820 | D:7      | Found a sacrificial altar of Ru.
  5994 | D:7      | You fall into a shaft and drop 3 floors!
  5994 | D:10     | Entered Level 10 of the Dungeon
  6295 | D:10     | Noticed a hornet
  6329 | D:10     | Reached skill level 5 in Shapeshifting
  6336 | D:10     | Reached *** piety under Cheibriados
  6711 | D:10     | Found Derel's Book Boutique.
  6714 | D:10     | Found an opulent altar of Gozag.
  6913 | D:10     | Found Aleufiost's Weapon Shop.
  6924 | D:10     | Noticed a hornet
  6951 | D:10     | Reached skill level 5 in Armour
  6951 | D:10     | Reached XP level 10. HP: 59/73 MP: 15/15
  7012 | D:10     | Found Logeobba's Magic Scroll Shoppe.
  7018 | D:10     | Bought a scroll of poison for 56 gold pieces
  7018 | D:10     | Bought a scroll of identify for 28 gold pieces
  7093 | D:10     | Reached skill level 6 in Ranged Weapons
  7270 | D:10     | Reached **** piety under Cheibriados
  7389 | D:10     | Found a stormy altar of Qazlal.
  7653 | D:9      | Reached skill level 1 in Shields
  7719 | D:9      | Found a transporter.
  7758 | D:9      | Found a transporter.
  7764 | D:9      | Noticed a red ugly thing
  7766 | D:9      | Noticed a kobold demonologist
  7767 | D:9      | Noticed a kobold demonologist
  7770 | D:9      | Noticed a kobold demonologist
  7773 | D:9      | Noticed an ice devil
  7774 | D:9      | Noticed an orange demon
  7774 | D:9      | Noticed a kobold demonologist
  7776 | D:9      | Killed a kobold demonologist
  7777 | D:9      | Reached skill level 5 in Fighting
  7783 | D:9      | Killed a kobold demonologist
  7784 | D:9      | Reached skill level 1 in Throwing
  7785 | D:9      | Reached skill level 5 in Long Blades
  7789 | D:9      | Noticed a soul eater
  7792 | D:9      | Killed a kobold demonologist
  7796 | D:9      | Killed a red ugly thing
  7807 | D:9      | Reached XP level 11. HP: 17/80 MP: 8/17
  8061 | D:9      | Found an iron altar of Okawaru.
  8067 | D:9      | Reached skill level 5 in Invocations
  8216 | D:9      | Reached ***** piety under Cheibriados
  8574 | D:9      | Noticed Bnni's ghost (novice TeHu)
  8710 | D:8      | Noticed Pikel
  8722 | D:8      | Killed Pikel
  8839 | D:8      | Found a shadowy altar of Dithmenos.
  8968 | D:8      | Reached skill level 5 in Dodging
  9023 | D:8      | Found a flagged portal.
  9038 | Bailey   | Entered a bailey
  9142 | Bailey   | Reached skill level 1 in Evocations
  9215 | Bailey   | Identified the +6 plate armour of Mysticism {Int+4 Dex+3}
  9237 | Bailey   | Noticed an orc knight
  9251 | Bailey   | Killed an orc knight
  9252 | Bailey   | Reached skill level 5 in Spellcasting
  9533 | D:8      | Found a shimmering altar of Xom.
  9955 | D:8      | Found a hide-covered altar of Uskayaw.
 10315 | D:7      | Reached skill level 7 in Ranged Weapons
 10465 | D:7      | Found a large runed translucent door.
 10465 | D:7      | Found a large runed translucent door.
 10469 | D:7      | Noticed AdnanSaban's ghost (novice GrFi)
 10950 | D:11     | Noticed a manticore
 10955 | D:11     | Killed a manticore
 11013 | D:11     | Found a staircase to the Orcish Mines.
 11047 | D:11     | Noticed a manticore
 11054 | D:11     | Killed a manticore
 11055 | D:11     | Reached skill level 5 in Shields
 11176 | D:11     | Found a gate leading to a gauntlet.
 11183 | Gauntlet | Entered a Gauntlet
 11183 | Gauntlet | Found a transporter.
 11211 | Gauntlet | Found a transporter.
 11220 | Gauntlet | Found a runed translucent door.
 11222 | Gauntlet | Found a transporter.
 11224 | Gauntlet | Found a transporter.
 11232 | Gauntlet | Found a transporter.
 11248 | Gauntlet | Found a transporter.
 11259 | Gauntlet | Found a transporter.
 11259 | Gauntlet | Noticed a fire crab
 11271 | Gauntlet | Found a transporter.
 11291 | Gauntlet | Found a transporter.
 11292 | Gauntlet | Noticed an obsidian statue
 11302 | Gauntlet | Found a transporter.
 11302 | Gauntlet | Found a transporter.
 11354 | Gauntlet | Found a transporter.
 11354 | Gauntlet | Found a transporter.
 11369 | Gauntlet | Found a transporter.
 11883 | Gauntlet | Reached ****** piety under Cheibriados
 11884 | Gauntlet | Reached XP level 12. HP: 76/88 MP: 19/19
 11902 | Gauntlet | Killed a fire crab
 11924 | Gauntlet | Identified the +0 pair of gloves of Distant Shores {Regen+
                  | rCorr MP-9 Int+8}
 12090 | Gauntlet | Noticed a minotaur
 12112 | Gauntlet | Gained mutation: You occasionally lose the ability to drink
                  | potions when taking damage. [potion of mutation]
 12112 | Gauntlet | Gained mutation: You possess an exceptional clarity of
                  | mind. [potion of mutation]
 12112 | Gauntlet | Gained mutation: You are partially covered in iridescent
                  | scales. (AC +2) [potion of mutation]
 12117 | Gauntlet | Demolished by a minotaur

Illustrated notes

Levels and vault maps discovered:
D:1:      spicycebolla_arrival_clurvy, layout_rooms,
          dreamdust_ecumenical_altar_angels_and_demons
D:2:      layout_loops_cross, basic_altar, wad_floor_pattern_2
D:3:      layout_loops_ring, mainiacjoe_overflow_concentric_impassable,
          slow_altar_1, wander_ebering_terrifying_dragon_lair
D:4:      layout_loops_ring
D:5:      layout_basic
D:6:      layout_gridville, lemuel_coloured_pillars_altar,
          nzn_hepliaklqana_mist_gate, kiku_gazebo_garden_becter,
          minmay_temple_entry_slanted, gammafunk_ghost_split, uniq_edmund
D:7:      layout_loops_ring, amcnicky_altar_gilded, ebering_ghost_disaster_area,
          minmay_misc_feat_nine_boxes
D:8:      layout_basic, kennysheep_little_box, mainiacjoe_overflow_paths,
          nicolae_uskayaw_dance_studio, enter_bailey_5, uniq_pikel
D:9:      minmay_distorted_concentric_squares, layout_irregular_city,
          okawaru_gym_becter, gammafunk_ghost_stat_death
D:10:     layout_roguey, nicolae_gozag_seed_capital,
          nicolae_qazlal_scattered_showers, serial_shops, shop, shop,
          nicolae_shop_bloodbath_and_beyond
D:11:     layout_loops_ring, david_lair_shrubbed, orc_0_dummy,
          gauntlet_entry_generic, enter_trove_3, minmay_fractal_squares_5
Gauntlet: minmay_gauntlet_77_tree [minmay_gauntlet_arena_77_chump_sandwich,
          minmay_gauntlet_arena_77_two_paths, minmay_gauntlet_arena_77_path,
          minmay_gauntlet_arena_77_mirror,
          minmay_gauntlet_arena_77_broken_ladder,
          minmay_gauntlet_arena_77_braids,
          minmay_gauntlet_arena_77_hold_the_fort, gauntlet_exit_green]

Skill      XL: |  1  2  3  4  5  6  7  8  9 10 11 12 |
---------------+-------------------------------------+-----
Dodging        | 2 3 4 5 |  5.2
Short Blades   | 1 2 4 |  4.6
Shapeshifting  | 4 5 6 |  6.3
Ranged Weapons | 2 3 4 5 6 7 |  7.4
Spellcasting   | 1 2 3 4 5 |  5.3
Fighting       | 2 3 4 5 6 |  6.1
Armour         | 1 2 3 5 6 |  6.6
Invocations    | 1 2 3 4 6 |  6.1
Long Blades    | 1 4 5 6 |  6.1
Stealth        | 1 |  1.8
Shields        | 2 5 6 |  6.4
Throwing       | 1 |  1.3
Evocations     | 1 |  1.3
Unarmed Combat | |  3.3

Action                     |  1- 3 |  4- 6 |  7- 9 | 10-12 || total
---------------------------+-------+-------+-------+-------++-------
  Melee: Unarmed           |    44 |       |       |       ||    44
         Dagger            |    31 |    80 |   173 |   403 ||   687
         Punch             |     2 |     2 |     7 |     3 ||    14
   Fire: Sling             |       |    74 |    26 |       ||   100
         Shortbow          |       |       |    44 |    90 ||   134
  Throw: Javelin           |       |       |     9 |    24 ||    33
Ability: Shaft Self        |       |       |     1 |       ||     1
  Evoke: Wand              |       |       |     4 |    14 ||    18
    Use: Potion            |     1 |       |     4 |     4 ||     9
         Scroll            |       |       |     7 |     9 ||    16
   Stab: Sleeping          |     4 |     1 |       |     1 ||     6
 Armour: Animal skin       |     4 |       |       |       ||     4
         Skin              |     1 |       |       |       ||     1
         Ring mail         |    16 |    35 |    58 |    52 ||   161
         Plate armour      |       |       |       |    78 ||    78
  Dodge: Dodged            |    33 |    47 |   154 |   235 ||   469
  Block: Kite shield       |       |       |       |   344 ||   344
         Form:             |       |       |       |     1 ||     1
         Beast             |       |       |       |     1 ||     1

Table legend: (Time is in decaauts)
 A = Elapsed time spent in this place.
 B = Non-inter-level travel time spent in this place.
 C = Inter-level travel time spent in this place.
 D = Time resting spent in this place.
 E = Time spent auto-exploring this place.
 F = Levels seen in this place.
 G = Mean time per level.
                   A        B        C        D        E       F      G
               +--------+--------+--------+--------+--------+-----+--------+
         Total |  16330 |  15436 |    894 |   1867 |  10178 |  13 | 1256.2 |
       Dungeon |  14392 |  13498 |    894 |   1409 |   9367 |  11 | 1308.4 |
        Bailey |    690 |    690 |      0 |     31 |    328 |   1 |  690.0 |
      Gauntlet |   1247 |   1247 |      0 |    426 |    482 |   1 | 1247.0 |
               +--------+--------+--------+--------+--------+-----+--------+

Top non-repeatable levels by time:
    D:10: 2375 daAuts
     D:8: 2114 daAuts
     D:7: 1732 daAuts
     D:9: 1506 daAuts
     D:6: 1425 daAuts
     D:3: 1296 daAuts
Gauntlet: 1247 daAuts
     D:5: 1073 daAuts
     D:4: 953 daAuts
     D:1: 892 daAuts
  Bailey: 690 daAuts
     D:2: 599 daAuts
    D:11: 421 daAuts
